 Dungeon Crawl Stone Soup version 0.20-a0-993-gba41c3c (webtiles) character file.

58 Alarkh the Insei (level 3, 0/40 HPs)
             Began as a Demonspawn Transmuter on Apr 11, 2017.
             Succumbed to an adder's poison
             ... on level 2 of the Dungeon.
             The game lasted 00:01:17 (1123 turns).

Alarkh the Insei (Demonspawn Transmuter)            Turns: 1123, Time: 00:01:18

Health: 0/40       AC: 21    Str: 10    XL:     3   Next: 75%
Magic:  6/6        EV:  2    Int: 15    God:
Gold:   140        SH:  0    Dex: 13    Spells: 5/6 levels left

rFire    . . .     SeeInvis .     - Unarmed
rCold    . . .     Gourm    .   (no shield)
rNeg     + + +     Faith    .   (armour currently unavailable)
rPois    +         Spirit   .   (helmet currently unavailable)
rElec    .         Reflect  .   (cloak currently unavailable)
rCorr    .         Harm     .   (gloves currently unavailable)
MR       .....     NoTele   +   (boots currently unavailable)
Stlth    +.........             (no amulet)
Regen    0.2/turn               (no ring)
MPRegen  0.1/turn               (no ring)

@: lethally poisoned (0 -> -6), tree-form
A: rot immunity
a: no special abilities


You were on level 2 of the Dungeon.
You were hungry.
You were a tree.
You visited 1 branch of the dungeon, and saw 2 of its levels.

You collected 140 gold pieces.

Inventory:

Missiles
 a - 26 arrows
Armour
 b - a +0 robe (melded)
Scrolls
 e - a scroll of identify
 j - a scroll of fog {unknown}
 n - a scroll of magic mapping {unknown}
Potions
 g - a potion of magic {unknown}
 h - a potion of degeneration {unknown}
 i - a potion of flight {unknown}
 k - a potion of brilliance {unknown}
 l - 2 potions of haste {unknown}
 m - a potion of experience {unknown}
Books
 c - a book of Changes

   Spells                             Type                      Level
   a - Beastly Appendage              Transmutation                1
   b - Sticks to Snakes               Transmutation                2
   c - Spider Form                    Transmutation/Poison         3
   d - Ice Form                       Ice/Transmutation            4
   e - Blade Hands                    Transmutation                5
Comestibles
 d - 2 bread rations


   Skills:
 + Level 2.1 Fighting
 - Level 1.7 Dodging
 * Level 3.9 Unarmed Combat
 - Level 2.0 Spellcasting
 - Level 1.7 Transmutations


You had 5 spell levels left.
You knew the following spells:

 Your Spells              Type           Power        Failure   Level  Hunger
a - Beastly Appendage     Tmut           #.....       12%         1    #......


Dungeon Overview and Level Annotations

Branches:
Dungeon (2/15)

Altars:


Innate Abilities, Weirdness & Mutations

((You have sharp fingernails.))
You are immune to rotting.


Message History

The kobold is heavily wounded.
* * * LOW HITPOINT WARNING * * *
You feel sick. The bat hits you but does no damage. x3
The adder bites you but does no damage. The kobold hits you but does no damage.
Unknown command.
You closely miss the kobold.
The kobold is heavily wounded.
The bat hits you but does no damage. The adder bites you but does no damage.
The kobold hits you but does no damage.
You barely miss the adder.
* * * LOW HITPOINT WARNING * * *
You feel sick. The bat hits you but does no damage.
The adder bites you but does no damage. The bat hits you but does no damage.
You smack the adder!
The adder is almost dead.
The bat hits you but does no damage. The kobold hits you but does no damage.
The adder bites you but does no damage. The bat hits you but does no damage.
You barely miss the adder.
The adder is almost dead.
You die...

#.(...# #.....#
###.....#
.......#
#.....#
.r.#....(#
..K$..[rK####..
#KSlb....
#♣b##!... #.##
. #.. ..## ..#
.#.# .#(. #.#.<


You could see an adder, 2 bats, 2 kobolds, a frilled lizard and a rat.

Vanquished Creatures
  Jessica (D:2)
  An adder (D:2)
  A dart slug (D:1)
  A leopard gecko (D:1)
  A giant cockroach (D:1)
  2 goblins (D:1)
  3 hobgoblins
  2 kobolds (D:1)
  2 ball pythons (D:1)
  2 bats (D:1)
  A frilled lizard (D:1)
  6 rats (D:1)
23 creatures vanquished.

Notes
Turn   | Place    | Note
-------+----------+-------------------------------------------
     0 | D:1      | Alarkh the Demonspawn Transmuter began the quest for the Orb.
     0 | D:1      | Reached XP level 1. HP: 15/15 MP: 3/3
   127 | D:1      | Reached skill level 3 in Unarmed Combat
   322 | D:1      | Gained mutation: You have sharp fingernails. [demonic ancestry]
   322 | D:1      | Reached XP level 2. HP: 21/21 MP: 5/5
  1100 | D:2      | Noticed Jessica
  1103 | D:2      | Killed Jessica
  1103 | D:2      | Gained mutation: You are immune to rotting. [demonic ancestry]
  1103 | D:2      | Reached XP level 3. HP: 27/27 MP: 6/6
  1119 | D:2      | HP: 2/40 [poisoned by an adder]
  1123 | D:2      | Succumbed to an adder's poison

Vault maps used:
D:1:      onia_arrival_handbag, minmay_hexomino_p4
D:2:      first_bread, hangedman_decor_points, uniq_jessica, uniq_terence

Skill      XL: |  1  2 |
---------------+-------+-----
Unarmed Combat | 3 |  3.9
Fighting       | 2 |  2.1
Dodging        | |  1.7
Spellcasting   | |  2.0
Transmutations | |  1.7

Action                   || total
-------------------------++-------
Melee: Unarmed           ||    82
       Punch             ||     1
  Use: Scroll            ||     1
       Potion            ||     1
 Stab: Sleeping          ||     2
Armor: Robe              ||    18
       Skin              ||    22
Dodge: Dodged            ||    65
